 Dungeon Crawl Stone Soup version 0.31-a0-325-g067879e3d3 (webtiles) character file.

Game seed: 4921121981350976437

114 lunkers the Ruffian (level 5, -3/41 HPs)
             Began as a Meteoran Shapeshifter on July 18, 2023.
             Slain by a gnoll
             ... wielding a +0 spear
              (5 damage)
             ... on level 3 of the Dungeon.
             The game lasted 00:02:55 (1141 turns).

lunkers the Ruffian (Meteoran Shapeshifter)         Turns: 1141, Time: 00:02:56

Health: -3/41      AC:  3    Str: 21    XL:     5   Next: 43%
Magic:  6/6        EV: 12    Int: 11    God:
Gold:   66         SH:  0    Dex: 16    Spells: 4/4 levels left

rFire   . .          .
                       - Unarmed
rCold   . . .        (no shield)
rNeg    . . .        i - +1 robe of Green Miracles {Str+4 Int+2}
rPois   .            (helmet currently unavailable)
rElec   .            (cloak currently unavailable)
rCorr   .            (gloves currently unavailable)
SInv    .            (boots currently unavailable)
Will    .....        e - amulet of the acrobat
Stlth   +            (no ring)
HPRegen 0.26/turn    (no ring)
MPRegen 0.10/turn

%: acrobat
@: beast-form, glowing
A: beast (slay +2), sense surroundings 1, otherworldly, glowing, explore regen
a: Begin Untransformation


You were on level 3 of the Dungeon.
You were a hulking beast.
You visited 1 branch of the dungeon, and saw 3 of its levels.

You collected 66 gold pieces.

Inventory:

Armour
 a - a +0 animal skin
 i - the +1 robe of Green Miracles (worn) {Str+4 Int+2}
   (You found it on level 2 of the Dungeon)

   Str:       It affects your strength (+4).
   Int:       It affects your intelligence (+2).
Jewellery
 e - an amulet of the acrobat (around neck)
Talismans
 c - a beast talisman
Potions
 b - 2 potions of curing
 d - a potion of ambrosia
 f - a potion of might {unknown}
 g - a potion of cancellation {unknown}
 h - a potion of invisibility {unknown}


   Skills:
 - Level 2.1 Fighting
 - Level 2.4 Dodging
 + Level 6.0 Unarmed Combat
 - Level 3.6 Shapeshifting


You had 4 spell levels left.
You didn't know any spells.
Your spell library was empty.

Dungeon Overview and Level Annotations

Branches:
Dungeon (3/15) Zot: 668

Altars:

Annotations:
D:2 1 runed translucent door, Crazy Yiuf
D:3 3 runed translucent doors, NinjaNoafa's ghost, amateur TrSh


Innate Abilities, Weirdness & Mutations

You are a hulking beast.
Your limbs bulge with bestial killing power. (Slay +2)
You passively map a small area around you.
You are easily found by Zot.
You glow in the dark.
You regain HP and MP as you explore.


Message History

You hit the gnoll.
The gnoll is heavily wounded.
The gnoll barely misses you.
You punch the gnoll!
You kill the gnoll!
You barely miss the gnoll. The gnoll hits you with a +0 whip.
You punch the gnoll!
The gnoll is severely wounded.
The gnoll closely misses you.
You punch the gnoll!
You kill the gnoll!
Your Unarmed Combat skill increases to level 6!
You hit the sleepcap. You punch the sleepcap.
The sleepcap is heavily damaged.
The sleepcap misses you.
The gnoll hits you from afar with a +0 spear.
You hit the sleepcap but do no damage.
The sleepcap is heavily damaged.
The sleepcap releases spores at you.
You are engulfed in a cloud of soporific spores!
You fall asleep.
The gnoll completely misses you. The sleepcap releases spores at you!!
You wake up.
Ouch! That really hurt!
* * * LOW HITPOINT WARNING * * *
You are engulfed in a cloud of soporific spores!
You are unaffected.
The gnoll hits you but does no damage.
You hit the sleepcap but do no damage.
The sleepcap is heavily damaged.
The sleepcap closely misses you. The gnoll misses you.
You hit the sleepcap.
The sleepcap is heavily damaged.
You hit the sleepcap.
The sleepcap is severely damaged.
The sleepcap releases spores at you.
* * * LOW HITPOINT WARNING * * *
You are engulfed in a cloud of soporific spores!
You are unaffected.
The gnoll hits you from afar with a +0 spear.
You die...

*,,....,,,,**,..,,*
**,.....,****..,,,*
*,.....,* *#.,,,,******###
*,....g.###.,,,,,',,,,,...
*,....f.#..,,,,,,*,,,,,...
*,......gg#*,,,,,*,,,,,...
*,,,,***#g#######*,,***+++
*,,,,* #f#.....#*,,*,,...
*,...####h#.....#*,,*,,...
*,........#.....#*..*,,...
**#######.#.....##..*,,..$
#..#...##...*,,...
########...........*,,.$$
#.....#####....##..*,,...
#.....# #....#*,,***###
#.....# #....##..,,,...
#.....# #........,,,...


You could see a sleepcap and 3 gnolls.

Vanquished Creatures
  3 adders
  4 gnolls (D:3)
  A dart slug (D:2)
  8 orcs
  5 endoplasms
  2 giant cockroaches
  A goblin (D:2)
  3 hobgoblins
  3 ball pythons
  5 bats
  4 frilled lizards
  2 kobolds
  3 rats
44 creatures vanquished.

Notes
Turn   | Place    | Note
-------+----------+-------------------------------------------
     0 | D:1      | lunkers the Meteoran Shapeshifter began the quest for the
                  | Orb.
     0 | D:1      | Reached XP level 1. HP: 17/17 MP: 2/2
   313 | D:1      | Reached skill level 3 in Unarmed Combat
   313 | D:1      | Reached XP level 2. HP: 22/24 MP: 3/3
   443 | D:2      | Found a runed translucent door.
   444 | D:2      | Noticed Crazy Yiuf
   573 | D:2      | Reached XP level 3. HP: 4/29 MP: 4/4
   574 | D:2      | HP: 2/43 [poisoned by an adder]
   621 | D:2      | Reached skill level 4 in Unarmed Combat
   627 | D:2      | Identified the +1 robe of Green Miracles {Str+4 Int+2}
   737 | D:2      | Reached XP level 4. HP: 9/36 MP: 5/5
   883 | D:3      | Reached skill level 5 in Unarmed Combat
   967 | D:3      | Found a runed translucent gate.
   968 | D:3      | Found a runed translucent gate.
   970 | D:3      | Found a runed translucent gate.
   973 | D:3      | Noticed NinjaNoafa's ghost (amateur TrSh)
   974 | D:3      | Noticed a wight
  1120 | D:3      | Reached XP level 5. HP: 41/41 MP: 6/6
  1136 | D:3      | Reached skill level 6 in Unarmed Combat
  1141 | D:3      | HP: 2/41 [sleepcap (6)]
  1141 | D:3      | Slain by a gnoll

Illustrated notes

Levels and vault maps discovered:
D:1:      lemuel_arrival_room, layout_basic
D:2:      layout_basic, hangedman_feature_mirror, uniq_crazy_yiuf_cottage
D:3:      layout_basic, gammafunk_ghost_split

Skill      XL: |  1  2  3  4  5 |
---------------+----------------+-----
Unarmed Combat | 3 4 5 6 |  6.0
Fighting       | |  2.1
Dodging        | |  2.4
Shapeshifting  | |  3.6

Action                     |  1- 3 |  4- 6 || total
---------------------------+-------+-------++-------
  Melee: Unarmed           |    56 |    75 ||   131
         Punch             |       |     2 ||     2
    Use: Potion            |     1 |       ||     1
         Scroll            |       |     6 ||     6
 Armour: Animal skin       |     4 |       ||     4
         Skin              |     3 |       ||     3
         Robe              |     4 |    12 ||    16
  Dodge: Dodged            |    38 |    41 ||    79

Table legend: (Time is in decaauts)
 A = Elapsed time spent in this place.
 B = Non-inter-level travel time spent in this place.
 C = Inter-level travel time spent in this place.
 D = Time resting spent in this place.
 E = Time spent auto-exploring this place.
 F = Levels seen in this place.
 G = Mean time per level.
                   A        B        C        D        E       F      G
               +--------+--------+--------+--------+--------+-----+--------+
         Total |   1130 |   1044 |     86 |      3 |    712 |   3 |  376.7 |
       Dungeon |   1130 |   1044 |     86 |      3 |    712 |   3 |  376.7 |
               +--------+--------+--------+--------+--------+-----+--------+

Top non-repeatable levels by time:
     D:2: 427 daAuts
     D:3: 352 daAuts
     D:1: 350 daAuts
